 Dungeon Crawl Stone Soup version 0.22-a0-469-gf26638a71f (webtiles) character file.

2305 Rrauwl the Ducker (level 9, -14/59 HPs)
             Began as an Octopode Artificer on June 11, 2018.
             Blown up by an eye of devastation (42 damage)
             ... with a bolt of energy
             ... on level 7 of the Dungeon.
             The game lasted 00:25:26 (7331 turns).

Rrauwl the Ducker (Octopode Artificer)              Turns: 7331, Time: 00:25:27

Health: -14/59     AC:  1    Str: 11    XL:     9   Next: 41%
Magic:  21/21      EV: 17    Int: 13    God:
Gold:   323        SH:  6    Dex: 16    Spells: 8/8 levels left

rFire    . . .     SeeInvis .   a - +0 trident
rCold    . . .     Gourm    .   v - +1 buckler
rNeg     . . .     Faith    .   (helmet restricted)
rPois    +         Spirit   .   m - amulet of regeneration
rElec    .         Reflect  .   g - ring of poison resistance
rCorr    +         Harm     .   f - ring of magical power
MR       .....                  h - ring of resist corrosion
Stlth    ++++......             (no ring)
HPRegen  0.59/turn              (no ring)
MPRegen  0.17/turn              (no ring)
                                (no ring)
                                (no ring)

@: no status effects
A: almost no armour, stealthy swim, amphibious, 8 rings, constrict 8, camouflage
1, gelatinous body 1
a: no special abilities


You were on level 7 of the Dungeon.
You were not hungry.

You visited 2 branches of the dungeon, and saw 8 of its levels.
You also visited: Sewer.

You collected 323 gold pieces.

Inventory:

Hand Weapons
 a - a +0 trident (weapon)
 b - a +1 hand crossbow
Missiles
 r - 9 bolts
Armour
 v - a +1 buckler (worn)
Jewellery
 f - a ring of magical power (right tentacle)
 g - a ring of poison resistance (left tentacle)
 h - a ring of resist corrosion (on tentacle)
 m - an amulet of regeneration (around mantle)
Wands
 c - a wand of enslavement (13)
 l - a wand of clouds (2)
 x - a wand of polymorph (8)
Scrolls
 d - a scroll of teleportation
 i - 2 scrolls of identify
 o - 2 scrolls of fog
 w - a scroll of remove curse
Potions
 j - a potion of magic
 k - 4 potions of heal wounds
 n - a potion of brilliance
 s - 3 potions of curing
 t - a potion of agility
 u - a potion of might
Comestibles
 e - 8 rations


   Skills:
 + Level 4.3 Fighting
   Level 1.0 Short Blades
 + Level 5.1 Polearms
 + Level 5.0 Crossbows
 + Level 6.1 Dodging
 - Level 5.0 Stealth
 - Level 4.0 Shields
 - Level 5.0 Evocations


You had 8 spell levels left.
You didn't know any spells.
Your spell library was empty.

Dungeon Overview and Level Annotations

Branches:
Dungeon (7/15)             Temple (1/1) D:5

Altars:
Cheibriados
Dithmenos
Elyvilon
Fedhas
Hepliaklqana
Kikubaaqudgha
Makhleb
Okawaru
Qazlal
Ru
Trog
Vehumet
Wu Jian
Xom
Yredelemnul
Zin
The Shining One


Innate Abilities, Weirdness & Mutations

You cannot wear most types of armour.
You are very stealthy in the water. (Stealth+)
You are amphibious.
You can wear up to eight rings at the same time.
You can use your tentacles to constrict eight enemies at once.
Your skin changes colour to match your surroundings (Stealth+).
Your rubbery body absorbs attacks. (AC +1, EV +1)


Message History

You hit the eye of devastation but do no damage.
The eye of devastation is lightly wounded.
You constrict the eye of devastation, but do no damage.
You hit the eye of devastation but do no damage.
The eye of devastation is lightly wounded.
You constrict the eye of devastation.
You hit the eye of devastation but do no damage.
You squeeze the eye of devastation, but do no damage.
The eye of devastation is lightly wounded.
You constrict the eye of devastation.
Evoke which item? (* to show all) (? for menu, Esc to quit)
Aiming: Cloud Cone
Press: ? - help, Dir - move target cursor, f/p - eye of devastation
Aim: an eye of devastation (lightly wounded, constricted by you)
You create a blast of noxious fumes!
You constrict the eye of devastation, but do no damage.
The eye of devastation gazes at you. The bolt of energy hits you!
Ouch! That really hurt!
You die...

##########
#..@G§§§.#
#.#####§##
# #.# #.#
#.# #.#
#.####
#....#
###.##


You could see an eye of devastation.

Vanquished Creatures
  A water nymph (D:6)
  The ghost of Sergey the Ruffian, an amateur CeTm of Cheibriados (D:5)
  2 ice beasts (D:5)
  2 phantoms
  A centaur (D:5)
  An ogre (D:6)
  A big kobold (Sewer)
  3 scorpions
  A crimson imp (D:5)
  A jelly (D:5)
  A bullfrog skeleton (D:5)
  8 hounds
  An orc priest (D:4)
  Natasha (thrice) (D:3 D:6)
  2 orc wizards
  3 worker ants
  A hound zombie (D:5)
  A hound skeleton (D:4)
  A howler monkey zombie (D:5)
  Robin (D:4)
  A howler monkey skeleton (D:4)
  11 gnolls
  6 adders
  8 river rats
  3 shadow imps
  2 adder zombies
  2 worms (D:2)
  5 leopard geckos
  21 orcs
  8 ball pythons
  3 giant cockroaches
  14 goblins
  9 hobgoblins
  7 jackals
  21 kobolds
  A quokka (D:3)
  5 bats
  7 frilled lizards
  27 rats
197 creatures vanquished.

Vanquished Creatures (others)
  A gnoll (D:6)
1 creature vanquished.

Grand Total: 198 creatures vanquished

Notes
Turn   | Place    | Note
-------+----------+-------------------------------------------
     0 | D:1      | Rrauwl the Octopode Artificer began the quest for the Orb.
     0 | D:1      | Reached XP level 1. HP: 13/13 MP: 3/3
   172 | D:1      | Reached XP level 2. HP: 18/18 MP: 4/4
   689 | D:1      | Reached XP level 3. HP: 23/23 MP: 5/5
  2087 | D:3      | Reached XP level 4. HP: 26/29 MP: 6/6
  2322 | D:3      | Reached skill level 3 in Dodging
  2325 | D:3      | Noticed Natasha
  2360 | D:3      | Killed Natasha
  2360 | D:3      | Reached XP level 5. HP: 18/34 MP: 8/8
  2388 | D:3      | Found a glowing drain.
  2434 | Sewer    | Entered a sewer
  2820 | Sewer    | Noticed a big kobold
  2955 | Sewer    | Killed a big kobold
  2955 | Sewer    | Reached skill level 1 in Polearms
  2955 | Sewer    | Reached XP level 6. HP: 32/41 MP: 9/9
  3051 | Sewer    | Reached skill level 1 in Crossbows
  3571 | D:3      | Found a glowing silver altar of Zin.
  4072 | D:4      | HP: 1/42 [gnoll (8)]
  4075 | D:4      | Reached XP level 7. HP: 25/46 MP: 10/10
  4344 | D:4      | Noticed Robin
  4356 | D:4      | Killed Robin
  4400 | D:4      | Reached skill level 1 in Shields
  4400 | D:4      | Reached skill level 5 in Evocations
  4877 | D:4      | Reached skill level 4 in Dodging
  5079 | D:4      | Reached skill level 5 in Stealth
  5213 | D:5      | Entered Level 5 of the Dungeon
  5330 | D:5      | Found a hazy altar of Hepliaklqana.
  5358 | D:5      | Reached XP level 8. HP: 40/52 MP: 11/11
  5434 | D:5      | Noticed Sergey's ghost (amateur CeTm)
  5560 | D:5      | Killed Sergey's ghost
  5575 | D:5      | Reached skill level 5 in Dodging
  5596 | D:5      | Found a staircase to the Ecumenical Temple.
  5622 | Temple   | Entered the Ecumenical Temple
  6292 | D:6      | Reached XP level 9. HP: 53/57 MP: 12/12
  6521 | D:6      | Noticed Natasha
  6525 | D:6      | Killed Natasha
  6681 | D:6      | Noticed Natasha
  6687 | D:6      | Killed Natasha
  6737 | D:6      | Noticed a troll
  6738 | D:6      | Noticed a guardian serpent
  6738 | D:6      | a troll changed into a guardian serpent
  6739 | D:6      | Noticed a water nymph
  6739 | D:6      | a guardian serpent changed into a water nymph
  6749 | D:6      | Killed a water nymph
  6749 | D:6      | Reached skill level 6 in Dodging
  6755 | D:6      | Reached skill level 5 in Polearms
  7000 | D:6      | Reached skill level 5 in Crossbows
  7255 | D:7      | Noticed a two-headed ogre
  7319 | D:7      | Noticed an eye of devastation
  7319 | D:7      | a two-headed ogre changed into an eye of devastation
  7331 | D:7      | Blown up by an eye of devastation

Vault maps used:
D:1:      dpeg_arrival_windows_large_door
D:3:      zin_statuary, portal_sewer_entry_a, cheibrodos_gnoll_hut, uniq_natasha
D:4:      uniq_robin
D:5:      overflow_temple_1_default, minmay_temple_entry_water_ring,
          first_ration, minmay_misc_feat_nine_boxes
D:6:      serial_corexii_hall, corexii_hall_statues_u, corexii_hall_statues_l
D:7:      serial_shops, shop_statue, uniq_prince_ribbit1, uniq_pikel
Temple:   regret_index_temple_generic_petals
Sewer:    sewer_minmay_treatment

Skill      XL: |  1  2  3  4  5  6  7  8  9 |
---------------+----------------------------+-----
Stealth        | 2 3 4 5 |  5.0
Fighting       | 2 3 4 |  4.3
Evocations     | 4 5 |  5.0
Dodging        | 3 4 5 6 |  6.1
Polearms       | 1 3 4 5 |  5.1
Crossbows      | 1 3 4 5 |  5.0
Shields        | 2 3 4 |  4.0
Short Blades   | |  1.0

Action                   |  1- 3 |  4- 6 |  7- 9 || total
-------------------------+-------+-------+-------++-------
Melee: Short sword       |    84 |    39 |       ||   123
       Constrict         |    23 |    50 |    33 ||   106
       Tentacles         |    15 |    26 |    40 ||    81
       Trident           |       |   146 |   163 ||   309
 Fire: Hand crossbow     |       |    11 |    98 ||   109
Evoke: Wand              |       |     5 |    34 ||    39
  Use: Potion            |     2 |     5 |     1 ||     8
       Scroll            |       |       |    10 ||    10
 Stab: Sleeping          |     9 |     8 |     5 ||    22
       Distracted        |     2 |       |     2 ||     4
  Eat: Chunk             |     3 |     7 |    10 ||    20
       Ration            |       |       |     1 ||     1
Armor: Skin              |     9 |     4 |     3 ||    16
Dodge: Dodged            |    53 |   101 |    78 ||   232
Block: Buckler           |       |     5 |    34 ||    39

Table legend:
 A = Spawn XP
 B = Non-spawn XP
 C = Spawn XP percentage of total XP
 D = Spawn monster count
 E = Non-spawn monster count
 F = Spawn count percentage of total count
 G = Total turns spent on level
                    A         B        C        D         E        F      G
               +---------+---------+-------+---------+---------+-------+---------
         Total |       0 |    3294 |   0.0 |       0 |     197 |   0.0 |  7331
               +---------+---------+-------+---------+---------+-------+---------
           D:1 |       0 |      36 |   0.0 |       0 |      20 |   0.0 |   933
           D:2 |       0 |      43 |   0.0 |       0 |      15 |   0.0 |  1146
           D:3 |       0 |     211 |   0.0 |       0 |      34 |   0.0 |   790
           D:4 |       0 |     481 |   0.0 |       0 |      37 |   0.0 |  1255
           D:5 |       0 |    1284 |   0.0 |       0 |      25 |   0.0 |   822
           D:6 |       0 |     983 |   0.0 |       0 |      18 |   0.0 |   983
         Sewer |       0 |     256 |   0.0 |       0 |      48 |   0.0 |  1089
               +---------+---------+-------+---------+---------+-------+---------
